Map: [ESL] Hard Lead

Players

cyan - Winner!

  • Race: Protoss Protoss
  • League: Grandmaster
  • Spawn Location: 11:00

DRG

  • Race: Zerg Zerg
  • Spawn Location: 5:00

Event: IEM Katowice 2024

VOD

Have the link to the VOD?

Description

Time

  • Played on: Dec. 6, 2023, 6:39 a.m.
  • Length: 10:54

All games in this series

Show
View Real Time Build Order
Export as new Build Order

cyan Protoss - Winner!

Build Orders: 1 Gate Expand, Archon Immortal 

Get SALT Encoding   

  12  0:00  Probe  
  13  0:14  Pylon  
  13  0:17  Probe (Chrono Boost)  
  14  0:27  Probe (Chrono Boost)  
  15  0:32  Probe (Chrono Boost)  
  16  0:39  Gateway  
  16  0:43  Probe  
  16  0:48  Assimilator  
  17  0:56  Probe  
  18  1:08  Probe  
  19  1:20  Probe  
  19  1:24  Nexus  
  20  1:36  Cybernetics Core  
  20  1:38  Probe  
  21  1:44  Assimilator  
  21  1:50  Probe  
  21  1:53  Pylon  
  22  2:02  Probe (Chrono Boost)  
  23  2:09  Stalker (Chrono Boost)  
  23  2:12  Warp Gate  
  23  2:14  Probe (Chrono Boost)  
  27  2:23  Probe (Chrono Boost)  
  27  2:25  Robotics Facility  
  27  2:30  Probe (Chrono Boost)  
  27  2:34  Adept  
  30  2:37  Probe (Chrono Boost)  
  32  2:47  Probe x2 (Chrono Boost)  
  33  2:52  Probe (Chrono Boost)  
  33  2:54  Probe  
  35  2:59  Gateway  
  35  3:03  Probe (Chrono Boost)  
  35  3:04  Sentry  
  38  3:08  Probe (Chrono Boost)  
  39  3:13  Observer  
  39  3:14  Pylon  
  39  3:16  Probe (Chrono Boost)  
  39  3:18  Gateway  
  42  3:22  Probe x2 (Chrono Boost)  
  43  3:29  Gateway  
  43  3:30  Probe x2  
  43  3:32  Adept  
  47  3:39  Warp Prism (Chrono Boost)  
  47  3:44  Probe  
  47  3:48  Pylon, Probe  
  51  3:57  Probe  
  51  3:59  Assimilator, Pylon  
  51  4:01  Probe  
  53  4:09  Immortal  
  57  4:12  Stalker  
  57  4:15  Stalker  
  61  4:19  Stalker  
  63  4:24  Adept  
  63  4:28  Pylon  
  65  4:35  Forge  
  65  4:37  Twilight Council  
  65  4:40  Pylon  
  61  5:03  Immortal  
  61  5:06  Adept  
  61  5:07  Adept  
  69  5:20  Gateway  
  69  5:22  Gateway  
  69  5:23  Pylon  
  69  5:24  Gateway  
  69  5:26  Charge  
  68  5:32  Protoss Ground Weapons Level 1 (Chrono Boost)  
  68  5:36  Pylon  
  68  5:40  Immortal (Chrono Boost)  
  68  5:42  Stalker  
  74  6:06  Gateway  
  74  6:08  Probe x2  
  74  6:10  Gateway  
  76  6:11  Nexus  
  76  6:12  Immortal  
  76  6:15  Pylon  
  76  6:17  Sentry  
  82  6:24  Adept  
  84  6:26  Sentry, Zealot  
  88  6:36  Probe x2  
  88  6:38  Shield Battery  
  90  6:42  Pylon  
  90  6:48  Probe x2  
  92  6:55  Observer  
  92  7:00  Probe  
  93  7:04  Sentry  
  93  7:05  Zealot x4  
  103  7:16  Immortal, Probe  
  103  7:19  Pylon  
  103  7:21  Protoss Ground Weapons Level 2 (Chrono Boost)  
  108  7:23  Probe x2  
  108  7:28  Probe  
  105  7:39  Probe  
  105  7:42  Sentry  
  105  7:43  Zealot x6  
  120  7:48  Probe x2  
  122  7:51  Probe  
  122  7:56  Immortal  
  127  7:59  Pylon  
  127  8:02  Pylon  
  127  8:05  Zealot x3  
  133  8:18  Zealot x5  
  129  8:25  Zealot  
  129  8:26  Immortal  
  125  8:38  Zealot x4  
  137  8:48  Probe  
  137  8:51  Assimilator x2  
  137  8:53  Templar Archives  
  137  8:54  Assimilator  
  134  9:14  Immortal  
  128  9:18  Zealot x4  
  128  9:19  Zealot x4  
  128  9:21  Probe x2  
  140  9:31  High Templar  
  140  9:34  Shield Battery  
  140  9:38  Pylon x2  
  142  9:40  High Templar  
  142  9:46  High Templar  
  142  9:47  High Templar  
  142  9:52  Archon  
  138  9:54  Archon, Immortal (Chrono Boost)  
  138  9:55  Zealot  
  142  10:02  Zealot x4  
  148  10:19  Zealot x5  
  149  10:23  Zealot x3  
  149  10:32  Zealot  
  137  10:45  Zealot x6  
  143  10:51  Dark Shrine  
Show
View Real Time Build Order
Export as new Build Order

DRG Zerg 

Build Orders: Hatch First 

Get SALT Encoding   

  12  0:00  Drone  
  13  0:11  Overlord  
  13  0:16  Drone  
  14  0:29  Drone x2  
  14  0:33  Drone  
  17  0:55  Drone, Hatchery  
  17  0:59  Drone  
  18  1:06  Drone  
  18  1:10  Extractor  
  18  1:18  Spawning Pool  
  17  1:19  Drone  
  18  1:27  Drone  
  19  1:37  Drone  
  20  1:49  Drone  
  21  2:00  Overlord  
  21  2:06  Queen x2  
  21  2:07  Drone  
  26  2:10  Drone  
  26  2:12  Metabolic Boost  
  27  2:17  Drone  
  27  2:21  Drone  
  29  2:30  Zergling x2  
  29  2:31  Zergling x2  
  31  2:39  Hatchery  
  31  2:42  Overlord  
  30  2:47  Queen  
  32  2:54  Overlord  
  32  2:56  Drone x2  
  34  3:00  Drone  
  35  3:05  Drone  
  35  3:12  Drone  
  37  3:15  Drone x3  
  37  3:17  Drone x3  
  43  3:22  Queen  
  43  3:24  Drone x2  
  47  3:32  Overlord  
  47  3:36  Drone  
  49  3:41  Drone  
  49  3:44  Roach Warren  
  49  3:45  Extractor  
  49  3:46  Drone x3  
  50  3:50  Overlord  
  50  3:55  Drone  
  50  3:56  Drone x3  
  50  4:00  Overlord  
  54  4:04  Zergling x4  
  54  4:08  Overlord  
  56  4:14  Zergling x4  
  56  4:16  Overlord  
  57  4:25  Roach x3  
  57  4:26  Zergling x4, Roach x2  
  57  4:31  Overlord  
  69  4:37  Zergling x8, Extractor  
  72  4:40  Lair  
  72  4:41  Zergling x2  
  71  4:48  Zergling x4  
  71  4:49  Overlord  
  72  4:55  Zergling x14  
  78  5:04  Roach x2  
  82  5:07  Overlord  
  82  5:13  Drone  
  82  5:14  Drone x4  
  87  5:21  Roach  
  88  5:22  Queen  
  88  5:24  Queen  
  88  5:27  Drone  
  88  5:28  Drone  
  91  5:30  Drone  
  91  5:31  Drone  
  91  5:35  Overlord  
  89  5:37  Roach x2  
  89  5:40  Roach x2  
  97  5:50  Overlord x3  
  97  5:54  Glial Reconstitution  
  97  5:56  Overlord x2  
  95  5:59  Roach  
  97  6:04  Overseer  
  97  6:05  Roach x2  
  97  6:06  Roach  
  97  6:11  Roach x3  
  109  6:20  Drone x7  
  109  6:25  Roach x2  
  119  6:33  Drone x4  
  119  6:36  Extractor  
  119  6:38  Extractor x2  
  120  6:41  Roach x4, Evolution Chamber  
  120  6:42  Overseer  
  127  6:53  Drone x8  
  135  6:59  Overlord  
  135  7:02  Drone  
  135  7:06  Spire  
  135  7:07  Drone x2  
  130  7:13  Zergling x10  
  130  7:16  Roach x4  
  130  7:17  Ravager x3  
  136  7:35  Roach x5  
  138  7:37  Hatchery  
  138  7:41  Overlord  
  138  7:43  Roach x2  
  141  7:47  Overlord  
  141  7:55  Overlord  
  141  7:56  Overlord  
  141  7:58  Roach x3  
  145  8:01  Ravager  
  145  8:02  Ravager x4  
  145  8:04  Roach x2  
  153  8:08  Roach x2  
  153  8:10  Ravager  
  158  8:18  Roach  
  158  8:19  Zergling x2, Roach x5  
  148  8:24  Zergling x8  
  143  8:29  Ravager x2  
  143  8:30  Zergling x4  
  147  8:44  Drone x12  
  155  8:49  Zerg Flyer Weapons Level 1  
  155  8:50  Overlord  
  155  8:59  Extractor x2, Roach x3  
  155  9:00  Overlord  
  159  9:08  Roach x5  
  160  9:15  Zergling x10  
  160  9:32  Overlord  
  166  9:38  Roach x8  
  173  9:57  Hatchery  
  172  10:00  Overlord x3  
  172  10:01  Overlord x2  
  172  10:06  Roach x3  
  161  10:26  Roach x6  

Tags
 
Add a new tag
Caveats
  • Supply blocks, unpowered buildings, or Contaminate may cause inaccurate times.
  • Supply counts are checked every 10 seconds.